 Dungeon Crawl Stone Soup version 0.14-a0-1969-g2c76abe (webtiles) character file.

66 Kae the Sneak (level 3, -5/16 HPs)
             Began as a Spriggan Enchanter on Jan 17, 2014.
             Slain by a gnoll
             ... wielding a +0,+0 spear
              (10 damage)
             ... on Level 2 of the Dungeon.
             The game lasted 00:01:00 (828 turns).

Kae the Sneak (Spriggan Enchanter)                   Turns: 828, Time: 00:01:01

HP  -5/16        AC  3     Str  5      XL: 3   Next: 30%
MP   4/11        EV 18     Int 16      God:
Gold 26          SH  0     Dex 16      Spells:  2 memorised,  5 levels left

rFire  . . .     SeeInvis +     a - +1 dagger
rCold  . . .     Clarity  .     b - +1 robe
rNeg   . . .     Conserve .     (shield restricted)
rPois  .         rCorr    .     (helmet restricted)
rElec  .         rRot     .     (no cloak)
SustAb . .       Spirit   .     (gloves unavailable)
rMut   .         Warding  .     (boots unavailable)
Saprov . . .     Stasis   .     (no amulet)
MR     .....                    (no ring)
                                (no ring)

@: very slightly contaminated, very quick, not resistant to hostile
enchantments, quite stealthy
A: unfitting armour, see invisible, herbivore 3, speed 3, slow metabolism 2
a: no special abilities


You were on level 2 of the Dungeon.
You were not hungry.

You visited 1 branch of the dungeon, and saw 2 of its levels.

You collected 26 gold pieces.

Inventory:

Hand weapons
 a - a +1,+1 dagger (weapon)
Missiles
 d - 12 darts (quivered)
Armour
 b - a +1 robe (worn)
Comestibles
 g - a pear
 i - 12 strawberries
Scrolls
 f - a scroll of remove curse {unknown}
 h - a scroll of blinking {unknown}
 j - a scroll of enchant weapon I {unknown}
 k - a scroll of random uselessness {unknown}
 l - a scroll of curse jewellery {unknown}
 m - a scroll of identify {unknown}
 n - a scroll of teleportation {unknown}
Jewellery
 o - an uncursed amulet of inaccuracy {unknown}
Potions
 e - a potion of porridge
Books
 c - a book of Maledictions

   Spells                             Type                      Level
   *Corona                            Hexes                        1
   Sure Blade                         Hexes/Charms                 2
   *Ensorcelled Hibernation           Hexes/Ice                    2
   Confuse                            Hexes                        3
   Enslavement                        Hexes                        4
   Invisibility                       Hexes                        6


   Skills:
 * Level 2.1 Short Blades
 - Level 1.1 Throwing
 - Level 3.0 Dodging
 * Level 4.2 Stealth
 + Level 3.4 Spellcasting
 + Level 3.7 Hexes


You had 5 spell levels left.
You knew the following spells:

 Your Spells              Type           Power        Failure   Level  Hunger
a - Corona                Hex            ##.....      4%          1    None
b - Ensorcelled Hibernat  Hex/Ice        #.....       14%         2    ##.....


Dungeon Overview and Level Annotations

Branches:
Dungeon (2/16)

Altars:


Innate Abilities, Weirdness & Mutations

You are tiny and cannot use many weapons and most armour.
You have supernaturally acute eyesight.
You are a herbivore.
You cover ground extremely quickly.
You need consume almost no food.


Message History

Your Short Blades skill increases to level 2!
You have reached level 3!
Your experience leads to an increase in your attributes!
Increase (S)trength, (I)ntelligence, or (D)exterity?
You feel stronger.
The gnoll shouts!
Casting: Ensorcelled Hibernation
Confirm with . or Enter, or press ? or * to list all spells.
Aiming: Ensorcelled Hibernation
Press: ? - help, Shift-Dir - straight line, f - gnoll
Aim: a gnoll, wielding a whip The gnoll looks drowsy...
The gnoll hits you from afar with a spear.
The helpless gnoll fails to defend itself.
You impale the gnoll!!
You kill the gnoll!
Your Stealth skill increases to level 4!
The gnoll hits you from afar with a spear!
Ouch! That really hurt!
You die...

#.# #.#.# #.# #.#.#
#.# #.#.# # #.# #.#.#
#. #.# ##.#.# #.###
#.#####....# ...#
#.......#.)#
#.##############<..##
#..g)@............##
#.#################
..?gg...$# #########


You could see a gnoll.

Vanquished Creatures
  2 gnolls (D:2)
  A giant mite (D:2)
  A giant cockroach (D:1)
  2 hobgoblins (D:1)
  A bat (D:1)
  2 giant newts (D:1)
  2 goblins (D:2)
  2 kobolds
  3 rats (D:1)
16 creatures vanquished.

Notes
Turn   | Place    | Note
--------------------------------------------------------------
     0 | D:1      | Kae, the Spriggan Enchanter, began the quest for the Orb.
     0 | D:1      | Reached XP level 1. HP: 9/9 MP: 4/4
   526 | D:1      | Reached XP level 2. HP: 13/13 MP: 8/8
   530 | D:1      | Learned a level 2 spell: Ensorcelled Hibernation
   817 | D:2      | Reached XP level 3. HP: 11/16 MP: 5/11
   828 | D:2      | Reached skill level 4 in Stealth
   828 | D:2      | Slain by a gnoll

Action                   || total
-------------------------++-------
Melee: Dagger            ||    35
 Cast: Ensorcelled Hiber ||     2
 Stab: Sleeping          ||     7
       Distracted        ||     1
